Map: Submarine LE

Players

Massa - Winner!

  • Race: Terran Terran
  • League: Platinum
  • Spawn Location: 5:00

новичок

  • Race: Zerg Zerg
  • League: Platinum
  • Spawn Location: 11:00

VOD

Have the link to the VOD?

Description

Time

  • Played on: Jan. 16, 2021, 5:27 a.m.
  • Length: 9:09
Show
View Real Time Build Order
Export as new Build Order

Massa Terran - Winner!

Build Orders:  

Get SALT Encoding   

  12  0:00  SCV  
  13  0:12  SCV  
  14  0:24  Supply Depot, SCV  
  15  0:46  SCV  
  16  0:50  Barracks  
  16  1:00  SCV  
  16  1:03  Refinery  
  17  1:12  SCV  
  18  1:36  Orbital Command  
  18  1:41  Command Center  
  18  1:47  Barracks Reactor  
  18  1:52  Supply Depot  
  18  2:02  SCV  
  19  2:14  SCV  
  20  2:22  Factory  
  20  2:24  Marine x2  
  20  2:27  SCV  
  23  2:33  Supply Depot  
  23  2:39  SCV  
  23  2:42  Marine x2  
  26  2:54  Orbital Command  
  26  2:56  SCV  
  27  3:00  Marine x2  
  27  3:04  Refinery  
  29  3:08  SCV  
  29  3:12  Starport  
  30  3:24  SCV  
  30  3:25  SCV  
  32  3:28  Hellion x2  
  32  3:30  Barracks Tech Lab  
  36  3:37  SCV x2  
  38  3:48  Supply Depot  
  38  3:49  SCV x2  
  38  3:50  Hellion x2  
  44  3:58  Banshee  
  44  4:00  Cloaking Field  
  44  4:01  SCV  
  38  4:41  Banshee  
  38  4:43  SCV  
  38  4:44  SCV  
  43  4:50  Factory Tech Lab  
  43  4:52  Command Center  
  43  4:53  Barracks  
  43  4:55  Barracks  
  43  4:56  SCV x2  
  43  4:57  Barracks, Supply Depot  
  45  5:01  Engineering Bay  
  45  5:24  Banshee  
  48  5:52  Marine x2  
  50  6:03  Barracks Tech Lab x3  
  50  6:05  Siege Tank  
  50  6:10  Marine x2  
  55  6:28  Marine x2  
  57  6:38  Siege Tank  
  60  6:46  Marine x2  
  62  6:53  Marauder  
  62  6:54  Marauder x2  
  68  6:57  Combat Shield  
  68  6:58  Stimpack  
  68  7:03  Marine  
  68  7:04  Marine  
  70  7:15  Marauder x3  
  76  7:21  Marine  
  74  7:36  Marine, Marauder x2  
  74  7:37  Marauder  
  81  7:39  Marine  
  81  7:41  Medivac  
  81  7:43  SCV  
  85  7:46  Refinery  
  85  7:47  Refinery  
  85  7:53  Supply Depot  
  85  7:54  Supply Depot  
  85  7:55  Marine, SCV x2  
  85  7:56  Supply Depot x2  
  85  7:58  Command Center  
  85  8:10  Marine  
  85  8:11  Marauder  
  85  8:14  Marine x2  
  85  8:15  Siege Tank, Marauder  
  85  8:17  Planetary Fortress  
  85  8:19  Supply Depot, SCV x2  
  94  8:23  Supply Depot  
  94  8:24  Supply Depot  
  94  8:25  Concussive Shells  
  94  8:31  SCV x2  
  96  8:43  SCV x2  
  98  8:55  SCV  
Show
View Real Time Build Order
Export as new Build Order

новичок Zerg 

Build Orders: Pool First 

Get SALT Encoding   

  12  0:00  Drone  
  13  0:08  Drone  
  14  0:18  Extractor x2  
  14  0:19  Drone  
  14  0:21  Drone  
  15  0:28  Overlord  
  15  0:52  Spawning Pool  
  14  1:08  Hatchery  
  13  1:13  Drone  
  13  1:16  Drone  
  15  1:21  Drone  
  16  1:27  Drone  
  17  1:39  Queen  
  19  1:44  Overlord  
  19  1:48  Drone  
  20  1:56  Drone  
  21  2:07  Drone  
  22  2:12  Roach Warren  
  21  2:19  Drone  
  21  2:21  Drone  
  21  2:22  Queen  
  25  2:31  Drone x2  
  27  2:47  Drone x2  
  29  2:54  Drone  
  29  2:55  Hatchery  
  29  3:03  Overlord  
  29  3:14  Overlord  
  29  3:21  Evolution Chamber  
  29  3:23  Drone x5  
  33  3:35  Roach x2  
  37  3:45  Overlord  
  37  3:59  Spine Crawler  
  36  4:04  Roach x4  
  36  4:07  Ravager x2  
  41  4:31  Drone  
  41  4:32  Drone x4  
  41  4:33  Drone  
  41  4:34  Overlord  
  41  4:36  Ravager  
  48  4:40  Extractor  
  48  4:42  Drone x2  
  49  4:45  Extractor  
  49  4:52  Lair  
  48  5:00  Drone  
  48  5:01  Drone x3  
  51  5:26  Spore Crawler  
  49  5:29  Drone x2  
  49  5:30  Drone  
  49  5:33  Spore Crawler  
  49  5:34  Spore Crawler  
  49  6:02  Spore Crawler  
  49  6:04  Spore Crawler  
  40  6:20  Queen  
  42  6:25  Spore Crawler  
  42  6:30  Queen  
  41  6:35  Ravager  
  41  6:36  Ravager  
  41  6:37  Spore Crawler  
  38  6:45  Drone x4  
  36  6:54  Drone x3  
  34  7:18  Queen  
  35  7:25  Drone x2  
  35  7:26  Drone  
  38  7:34  Drone x3  
  41  7:45  Roach  
  41  7:49  Spore Crawler  
  42  7:51  Spore Crawler  
  42  7:52  Hatchery  
  40  8:03  Drone x2  
  40  8:04  Hatchery  
  40  8:13  Spore Crawler  
  39  8:21  Drone  
  39  8:22  Drone  
  39  8:26  Drone  
  43  8:27  Drone x2  
  43  8:31  Spore Crawler  
  43  8:32  Drone  
Tags
 
Matchup
TvZ
Opening
Pool First
Replay Pack
Multiplayer
Spawn Locations
Cross Positions
Add a new tag
Caveats
  • Supply blocks, unpowered buildings, or Contaminate may cause inaccurate times.
  • Supply counts are checked every 10 seconds.